 Dungeon Crawl Stone Soup version 0.25-a0-403-g49d089a364 (webtiles) character file.

Game seed: 3068089231769717724, levelgen mode: deterministic

551 argonath the Poker (level 7, -2/51 HPs)
             Began as a Merfolk Skald on Jan 5, 2020.
             Was a Follower of Zin.
             Slain by an orc wizard
             ... wielding a +2 dagger of electrocution
              (9 damage)
             ... on level 5 of the Dungeon on Jan 9, 2020.
             The game lasted 00:17:05 (3015 turns).

argonath the Poker (Merfolk Skald)                  Turns: 3015, Time: 00:17:06

Health: -2/51      AC:  9    Str: 11    XL:     7   Next: 29%
Magic:  1/12       EV: 12    Int: 14    God:    Zin [*.....]
Gold:   99         SH:  0    Dex: 14    Spells: 9/12 levels left

rFire    + . .     SeeInvis .   a - +1 spear
rCold    . . .     Gourm    .   (no shield)
rNeg     . . .     Faith    .   p - +0 ring mail
rPois    .         Spirit   .   f - +0 helmet
rElec    .         Reflect  .   h - +0 cloak (curse)
rCorr    .         Harm     .   r - +1 pair of gloves
MR       .....                  (no boots)
Stlth    +.........             (no amulet)
HPRegen  0.17/turn              c - ring of protection from fire
MPRegen  0.13/turn              (no ring)

@: no status effects
A: change form in water, swift swim, stealthy swim
a: Recite, Donate Gold, Renounce Religion


You were on level 5 of the Dungeon.
You worshipped Zin.
Zin was aware of your devotion.
You were not hungry.

You visited 1 branch of the dungeon, and saw 5 of its levels.

You collected 168 gold pieces.
You donated 69 gold pieces to Zin.

Inventory:

Hand Weapons
 a - a +1 spear (weapon)
Armour
 f - a +0 helmet (worn)
 g - a +0 cloak
 h - a cursed +0 cloak (worn)
 p - a +0 ring mail (worn)
 r - a +1 pair of gloves (worn)
Jewellery
 c - a ring of protection from fire (left hand)
 e - an uncursed ring of flight {unknown}
Wands
 s - a wand of flame (17)
Scrolls
 b - a scroll of fog {unknown}
 j - 2 scrolls of teleportation
Potions
 k - a potion of heal wounds
 l - a potion of flight
 m - a potion of invisibility {unknown}
 o - a potion of berserk rage {unknown}
 q - a potion of lignification {unknown}
Comestibles
 d - 13 rations
 n - 3 chunks of flesh


   Skills:
 + Level 2.8 Fighting
 + Level 6.7 Polearms
 + Level 2.1 Armour
 + Level 4.0 Dodging
 + Level 0.4 Stealth
 + Level 3.4 Spellcasting
 + Level 4.4 Charms
 + Level 1.1 Translocations


You had 9 spell levels left.
You knew the following spells:

 Your Spells              Type           Power        Failure   Level  Hunger
a - Infusion              Chrm           ##..         8%          1    #......
b - Shroud of Golubria    Chrm/Tloc      ##....       22%         2    ##.....

Your spell library contained the following spells:

 Spells                   Type           Power        Failure   Level  Hunger
 Song of Slaying          Chrm           ##......     12%         2    ##.....
 Ozocubu's Armour         Chrm/Ice       #.......     50%         3    ###....
 Spectral Weapon          Hex/Chrm       #.......     50%         3    ###....


Dungeon Overview and Level Annotations

Branches:
Dungeon (5/15)
 Temple: D:4-7

Altars:
Ashenzari
Dithmenos
Nemelex Xobeh
Zin


Message History

You completely miss the adder.
The adder is heavily wounded.
The adder bites you but does no damage. Something hits you.
* * * LOW HITPOINT WARNING * * *
You hit the adder.
You kill the adder!
The quokka skeleton bites you but does no damage.
Something hits you but does no damage.
You see here a +0 giant club.
Found 19 gold pieces and 11 arrows.
You hit the quokka skeleton.
The quokka skeleton is lightly damaged.
The quokka skeleton bites you but does no damage.
You hit the quokka skeleton.
The quokka skeleton is almost destroyed.
You barely miss something. You miss something. Something hits you.
* * * LOW HITPOINT WARNING * * *
You are electrocuted!
You die...

( #. .. .# .# .##
#####..####$
#...@....... #
#.#).##.$###
#.#.Z#.##.(..#
#####.#...(..(.. .
........###?.#.#..
.#####....##..#..
#.#รท..##._.
#.##..#.##.#
#..##..###.#..


You could see a quokka skeleton.

Vanquished Creatures
  An ogre (D:5)
  A centaur (D:4)
  A howler monkey (D:4)
  A hound (D:4)
  An orc wizard (D:4)
  2 bullfrog skeletons (D:5)
  An iguana (D:4)
  15 adders
  2 worms
  2 dart slugs
  3 leopard geckos
  7 orcs
  3 bats
  A giant cockroach (D:2)
  A goblin (D:2)
  6 hobgoblins
  4 jackals
  4 quokkas
  A ball python zombie (D:5)
  4 frilled lizards
  5 kobolds
  6 rats
72 creatures vanquished.

Notes
Turn   | Place    | Note
-------+----------+-------------------------------------------
     0 | D:1      | argonath the Merfolk Skald began the quest for the Orb.
     0 | D:1      | Reached XP level 1. HP: 16/16 MP: 3/3
   118 | D:1      | Reached XP level 2. HP: 22/22 MP: 1/5
   834 | D:2      | Found a shadowy altar of Dithmenos.
   865 | D:2      | Reached skill level 4 in Polearms
   865 | D:2      | Reached XP level 3. HP: 19/27 MP: 0/6
  1065 | D:2      | Reached XP level 4. HP: 24/34 MP: 0/7
  1175 | D:2      | Found a glowing silver altar of Zin.
  1180 | D:2      | Reached skill level 1 in Armour
  1186 | D:2      | Found a sparkling altar of Nemelex Xobeh.
  1187 | D:2      | Found a shattered altar of Ashenzari.
  1210 | D:2      | Became a worshipper of Zin the Law-Giver
  1210 | D:2      | Reached * piety under Zin
  1339 | D:2      | Donated 53 gold pieces to Zin
  1786 | D:3      | Reached XP level 5. HP: 39/39 MP: 3/9
  2188 | D:4      | Upgraded the game from 0.25-a0-365-g7600c65aa0 to
                  | 0.25-a0-403-g49d089a364
  2282 | D:4      | Noticed a centaur
  2299 | D:4      | Killed a centaur
  2299 | D:4      | Reached skill level 5 in Polearms
  2299 | D:4      | Reached XP level 6. HP: 10/46 MP: 0/10
  2303 | D:4      | Learned a level 2 spell: Shroud of Golubria
  2610 | D:4      | Reached skill level 1 in Translocations
  2877 | D:5      | Entered Level 5 of the Dungeon
  2895 | D:5      | Reached skill level 6 in Polearms
  2904 | D:5      | Reached XP level 7. HP: 50/51 MP: 0/11
  2905 | D:5      | Found a glowing silver altar of Zin.
  2992 | D:5      | Zin protects you from harm!
  3015 | D:5      | Slain by an orc wizard

Levels and vault maps discovered:
D:1:      scummos_arrival_hexagon, layout_basic, minmay_tetromino_l4
D:2:      layout_loops_ring, nicolae_dithmenos_shadow_blocks, minitemple
D:3:      layout_rooms, first_ration, kennysheep_generic_room_15
D:4:      minmay_angry_zag, layout_loops_ring
D:5:      layout_rooms, nicolae_overflow_hidden_temple,
          minmay_temple_entry_overgrown, serial_corexii_hall,
          corexii_hall_statues_s, corexii_hall_statues_x,
          nicolae_ossuary_entry_giza, minmay_ruined_shrine, uniq_duvessa

Skill      XL: |  1  2  3  4  5  6  7 |
---------------+----------------------+-----
Dodging        | 3 4 |  4.0
Polearms       | 4 5 6 |  6.7
Armour         | 1 2 |  2.1
Charms         | 4 |  4.4
Spellcasting   | 3 |  3.4
Translocations | 1 |  1.1
Fighting       | |  2.8
Stealth        | |  0.4

Action                   |  1- 3 |  4- 6 |  7- 9 || total
-------------------------+-------+-------+-------++-------
Melee: Spear             |   111 |   218 |    28 ||   357
 Cast: Infusion          |    11 |    26 |     2 ||    39
       Shroud of Golubri |       |     6 |     1 ||     7
Invok: Recite            |       |     1 |       ||     1
       Donate Gold       |       |     1 |       ||     1
  Use: Scroll            |     7 |       |       ||     7
       Potion            |       |       |     3 ||     3
  Eat: Chunk             |     1 |     5 |       ||     6
       Ration            |       |     1 |       ||     1
Armor: Leather armour    |     8 |       |       ||     8
       Ring mail         |    31 |    65 |    17 ||   113
Dodge: Dodged            |    69 |   103 |    16 ||   188

Table legend:
 A = Non-vault XP
 B = Vault XP
 C = Vault XP percentage of total XP
 D = Non-vault monster count
 E = Vault monster count
 F = Vault count percentage of total count
                 A         B        C        D         E       F
            +---------+---------+-------+---------+---------+-------
      Total |     490 |     298 |  37.8 |      62 |      10 |  13.9
            +---------+---------+-------+---------+---------+-------
        D:1 |      11 |       8 |  42.1 |       5 |       4 |  44.4
        D:2 |      95 |       0 |   0.0 |      19 |       0 |   0.0
        D:3 |     107 |       0 |   0.0 |      24 |       0 |   0.0
        D:4 |     210 |     129 |  38.1 |      10 |       4 |  28.6
        D:5 |      67 |     161 |  70.6 |       4 |       2 |  33.3
            +---------+---------+-------+---------+---------+-------
